 Dungeon Crawl Stone Soup version 0.31.0-1-g2c135a0 (webtiles) character file.

Game seed: 8408570204247686086

14252 colig the Thaumaturge (level 12, 0/92 HPs)
             Began as a Djinni Ice Elementalist on Mar 2, 2024.
             Was an Initiate of Makhleb.
             Engulfed by an ice statue's freezing vapour (12 damage)
             ... in a Gauntlet.
             The game lasted 00:48:48 (12696 turns).

colig the Thaumaturge (Djinni Ice Elementalist)    Turns: 12696, Time: 00:48:49

Health: 0/92       AC:  9    Str:  7    XL:     12   Next: 42%
Gold:   1099       EV: 17    Int: 23    God:    Makhleb [......] SH:  0 Dex: 13

rFire   + + .        t - staff of cold
rCold   . . .        (no shield)
rNeg    . . .        N - +0 steam dragon scales
rPois   ∞            D - +2 hat
rElec   .            (no cloak)
rCorr   .            p - +1 Delatra's gloves {ID++}
SInv    +            (boots unavailable)
Will    ++...        (no amulet)
Stlth   ++           M - ring of willpower
HPRegen 0.35/turn    O - ring of see invisible
MPRegen 0.00/turn

%: no teleportation, infuse magic (-1 HP)
@: unable to call your familiar, flying
A: sickness immunity, fire resistance 2, cold vulnerability 1, float, innate
caster, HP casting, extra vitality 1
a: Renounce Religion


You were in a Gauntlet.
You worshipped Makhleb.
Makhleb was noncommittal.
You visited 2 branches of the dungeon, and saw 12 of its levels.
You also visited: Bailey and Gauntlet.

You collected 1099 gold pieces.

Inventory:

Hand Weapons
 m - a +1 vampiric whip
Missiles
 f - 2 curare-tipped darts
 h - 3 throwing nets
Armour
 a - +0 shadow dragon scales
 p - the +1 Delatra's gloves (worn) {ID++}
   (You found it on level 3 of the Dungeon)

   ID++:      It heals its wearer when they drink unknown potions, and restores
   their MP when they read unknown scrolls.
 s - a +0 tower shield
 u - a +0 robe of willpower
 D - a +2 hat (worn)
 H - an orb of guile
 N - +0 steam dragon scales (worn)
Magical Staves
 t - a staff of cold (weapon)
Jewellery
 M - a ring of willpower (left hand)
 O - a ring of see invisible (right hand)
Talismans
 I - a talisman of death
Wands
 g - a wand of acid (12)
 n - a wand of paralysis (3)
 v - a wand of flame (31)
 B - a wand of digging (9)
 G - a wand of roots (5)
Scrolls
 e - 4 scrolls of teleportation
 i - a scroll of silence {unknown}
 k - a scroll of torment {unknown}
 o - 3 scrolls of blinking
 w - a scroll of revelation
 x - 2 scrolls of fear {unknown}
 y - 2 scrolls of amnesia {unknown}
 E - a scroll of enchant weapon {unknown}
 F - a scroll of poison {unknown}
 L - a scroll of noise {unknown}
Potions
 b - 6 potions of curing
 c - 5 potions of enlightenment
 d - 3 potions of heal wounds
 j - 2 potions of might
 l - a potion of attraction {unknown}
 q - 2 potions of mutation {unknown}
 r - 2 potions of resistance {unknown}
 z - a potion of lignification {unknown}
 A - a potion of degeneration {unknown}
 C - 2 potions of magic {unknown}
 J - a potion of ambrosia {unknown}
 K - a potion of invisibility {unknown}


   Skills:
 + Level 10.3 Fighting
 + Level 11.0 Dodging
 - Level 1.5 Stealth
 + Level 11.0 Spellcasting
 + Level 11.0 Conjurations
 + Level 11.0 Hexes
 + Level 11.0 Summonings
 + Level 11.0 Necromancy
 + Level 11.0 Translocations
 + Level 11.0 Fire Magic
 + Level 11.0 Ice Magic
 + Level 11.0 Air Magic
 + Level 11.0 Earth Magic
 + Level 11.0 Alchemy


You knew the following spells:

 Your Spells              Type           Power      Damage    Failure   Level
a - Freeze                Ice            100%       1d10      1%          1
b - Frozen Ramparts       Ice            100%       1d16      1%          3
c - Ozocubu's Armour      Ice            76%        N/A       1%          3
d - Summon Ice Beast      Ice/Summ       76%        N/A       1%          3
e - Foxfire               Conj/Fire      100%       2x1d9     1%          1
f - Blink                 Tloc           100%       N/A       1%          2
g - Call Canine Familiar  Summ           59%        N/A       1%          3
h - Fulminant Prism       Conj/Alch      29%        3d14      1%          4
i - Alistair's Intoxicat  Alch           39%        N/A       1%          5
Your spell library was empty.

Dungeon Overview and Level Annotations

Branches:
Dungeon (11/15)            Temple (1/1) D:6            Lair (0/5) D:9
    Orc (0/2) D:10         Bailey (visited)         Gauntlet (1/1)

Altars:
Ashenzari
Cheibriados
Dithmenos
Elyvilon
Fedhas
Gozag
Hepliaklqana
Makhleb
Nemelex Xobeh
Okawaru
Qazlal
Ru
Trog
Uskayaw
Wu Jian
Xom
Yredelemnul
Zin
The Shining One

Shops:
D:6 =   D:11 =

Portals:
Trove: D:11 (give +4 fire dragon scales)

Annotations:
D:5 1 runed translucent door, Crazy Yiuf
D:7 3 runed translucent doors, RexxRaptorr's ghost, novice GnHu Gauntlet 10 transporters, 1 runed translucent door, exclusion: ice statue


Innate Abilities, Weirdness & Mutations

You are immune to sickness and miasma.
You are immune to poison.
Your flesh is very heat resistant. (rF++)
You are vulnerable to cold. (rC-)
You float through the air rather than walking.
You learn spells naturally, not from books.
Your magical power is your life essence.
You have superior vitality. (+4 MHP)


Message History

Okay, then.
You hit the ice beast but do no damage. The ice statue gestures at you.
The bolt of cold hits the ice beast.
The ice beast completely resists.
The bolt of cold misses you. The bolt of cold hits your ice beast.
Your ice beast completely resists.
The rime drake barely misses your ice beast.
The ice beast closely misses you.
Your ice beast hits the rime drake.
Your ice beast freezes the rime drake!
The rime drake resists.
The rime drake dies!
Makhleb accepts your kill.
Your icy armour cracks and falls away as you move.
Your ice beast hits the ice beast but does no damage.
You see here a rime drake corpse.
Casting: Blink (safe; 1% risk of failure)
Confirm with . or Enter, or press ? or * to list all spells.
You feel a surge of power! A film of ice covers your body!
Your ice beast hits the ice beast but does no damage.
The ice beast hits you. The ice beast freezes you.
Your ice beast hits the ice beast but does no damage.
The ice beast completely misses you. The ice statue gestures at you.
The freezing blast engulfs the ice beast.
The ice beast completely resists.
Your ice beast closely misses the ice beast.
The ice beast misses you.
You are engulfed in freezing vapours.
* * * LOW HITPOINT WARNING * * *
The ice statue glitters chillingly in the dim dungeon light.
Your ice beast hits the ice beast but does no damage.
The ice beast barely misses you.
Unknown command.
You swap places.
Your icy armour cracks and falls away as you move.
You are engulfed in freezing vapours.
* * * LOW HITPOINT WARNING * * *
Your ice beast hits the ice beast.
Your ice beast freezes the ice beast.
The ice beast completely resists.
The ice beast barely misses you.
You are engulfed in freezing vapours.
You die...

♣.#4##.##©#.♣.#≈#≈#.♣.#.#.©##
P.###.#...#..P≈≈≈≈≈PP.#.#....
♣.##..##.5#...#≈#≈#P..#..####
..#....##5#...........#......
..###########################
≈....#©.........©.........©#.
##...#######################.
#≈.........#○##©##.#........
#≈≈..♣..P♣.#[○#@.#|#.♣PPP♣..
####..P.P..###°##.##.P.PP..#
#≈..♣P..#.#YY#..#..P♣..≈
#≈≈..PP.##.##°###.....
####..♣.##○.#.○##.♣..#
#≈...#.##.##8#...≈#
#≈≈..#########..≈≈#
####.....©.....#
#≈..∩...∩..≈#


You could see an ice statue (ally target), an ice beast (summoned) and a
friendly ice beast (summoned).

Vanquished Creatures
  A two-headed ogre (D:8)
  3 death yaks (D:9)
  Sonja (D:10)
  Jeremiah (D:8)
  2 kobold demonologists (Bailey)
  A troll (D:10)
  A wyvern (D:8)
  A shadow (D:10)
  A steam dragon (D:9)
  3 vampire mosquitoes (D:11)
  7 yaks
  Menkaure (D:7)
  A water moccasin (D:8)
  An acid dragon (D:10)
  A black bear (D:7)
  10 orc warriors (Bailey)
  2 ice beasts
  A sky beast (D:6)
  2 ogres (D:7)
  A centaur (D:7)
  A kobold brigand (D:8)
  A phantom (D:6)
  A bullfrog (D:7)
  2 scorpions
  A wight (D:10)
  13 electric eels
  4 howler monkeys
  A jelly (D:4)
  4 hounds
  2 iguanas
  2 sleepcaps
  Natasha (D:2)
  4 orc wizards
  8 gnolls
  4 adders
  A shadow imp (D:6)
  A white imp (D:5)
  3 dart slugs
  A ribbon worm (D:3)
  29 orcs
  8 ball pythons
  6 endoplasms
  5 giant cockroaches
  8 hobgoblins
  6 jackals
  5 quokkas
  2 bats
  2 frilled lizards
  22 goblins
  23 kobolds
  2 rats
215 creatures vanquished.

Vanquished Creatures (collateral kills)
  A boulder beetle (D:11)
  2 two-headed ogres
  A manticore (D:11)
  A rime drake (Gauntlet)
  A polar bear (shapeshifter) (D:11)
  A hornet (D:8)
  Sigmund (D:5)
  7 yaks
  An orc warrior (Bailey)
  2 sky beasts
  A centaur (D:6)
  A kobold brigand (D:7)
  3 bullfrogs
  3 wights (D:10)
  A howler monkey (D:11)
  A centaur zombie (D:7)
  A bombardier beetle (D:5)
  A jelly (D:5)
  An orc priest (D:6)
  A gnoll bouda (D:7)
  3 iguanas
  An orc wizard (D:6)
  A killer bee zombie (D:7)
  5 gnolls
  3 adders
  A white imp (D:8)
  4 orcs
  3 foxfires (D:7)
53 creatures vanquished.

Vanquished Creatures (others)
  772 foxfires
  46 fulminant prisms
818 creatures vanquished.

Grand Total: 1086 creatures vanquished

Notes
Turn   | Place    | Note
-------+----------+-------------------------------------------
     0 | D:1      | colig the Djinni Ice Elementalist began the quest for the
                  | Orb.
     0 | D:1      | colig set off with the following spells memorised: Freeze,
                  | Frozen Ramparts, Ozocubu's Armour, Summon Ice Beast.
     0 | D:1      | Reached XP level 1. HP: 15/15 MP: 0/0
    19 | D:1      | Reached XP level 2. HP: 11/21 MP: 0/0
   147 | D:1      | Reached XP level 3. HP: 14/25 MP: 0/0
   147 | D:1      | Learned a level 1 spell: Foxfire
   509 | D:1      | Reached XP level 4. HP: 29/31 MP: 0/0
   882 | D:2      | Noticed Natasha
   893 | D:2      | Killed Natasha
   894 | D:2      | Reached skill level 1 in Fighting
  1003 | D:2      | Reached XP level 5. HP: 36/37 MP: 0/0
  1003 | D:2      | Learned a level 2 spell: Blink
  1540 | D:3      | Found a faded altar of an unknown god.
  1984 | D:3      | Found the +1 Delatra's gloves {ID++}
  2201 | D:3      | Found a white marble altar of Elyvilon.
  2486 | D:4      | Reached skill level 5 in Spellcasting
  2486 | D:4      | Reached skill level 5 in Conjurations
  2486 | D:4      | Reached skill level 5 in Hexes
  2486 | D:4      | Reached skill level 5 in Summonings
  2486 | D:4      | Reached skill level 5 in Necromancy
  2486 | D:4      | Reached skill level 5 in Translocations
  2486 | D:4      | Reached skill level 5 in Fire Magic
  2486 | D:4      | Reached skill level 5 in Ice Magic
  2486 | D:4      | Reached skill level 5 in Air Magic
  2486 | D:4      | Reached skill level 5 in Earth Magic
  2486 | D:4      | Reached skill level 5 in Alchemy
  2486 | D:4      | Reached XP level 6. HP: 36/43 MP: 0/0
  2908 | D:4      | Found an ornate altar of the Wu Jian Council.
  3275 | D:5      | Entered Level 5 of the Dungeon
  3299 | D:5      | Noticed an ice beast
  3307 | D:5      | Killed an ice beast
  3308 | D:5      | Reached XP level 7. HP: 48/50 MP: 0/0
  3308 | D:5      | Learned a level 3 spell: Call Canine Familiar
  3384 | D:5      | Noticed a yak
  3398 | D:5      | Killed a yak
  3404 | D:5      | Noticed a yak
  3405 | D:5      | Noticed a yak
  3405 | D:5      | Noticed a yak
  3415 | D:5      | Killed a yak
  3417 | D:5      | Killed a yak
  3418 | D:5      | Reached XP level 8. HP: 47/58 MP: 0/0
  3419 | D:5      | Killed a yak
  3575 | D:5      | Found a runed translucent door.
  3576 | D:5      | Noticed Crazy Yiuf
  3976 | D:5      | Noticed Sigmund
  3989 | D:5      | Killed Sigmund
  4422 | D:6      | Found Ejousch's Jewellery Shoppe.
  4476 | D:6      | Reached skill level 5 in Fighting
  4476 | D:6      | Reached XP level 9. HP: 61/65 MP: 0/0
  4476 | D:6      | Learned a level 4 spell: Fulminant Prism
  4479 | D:6      | Reached skill level 5 in Dodging
  4770 | D:6      | Found a staircase to the Ecumenical Temple.
  4796 | Temple   | Entered the Ecumenical Temple
  5458 | D:7      | Found a runed translucent gate.
  5458 | D:7      | Found a runed translucent gate.
  5458 | D:7      | Found a runed translucent gate.
  5458 | D:7      | Noticed RexxRaptorr's ghost (novice GnHu)
  5460 | D:7      | Found a basalt altar of Yredelemnul.
  5515 | D:7      | Found a flagged portal.
  5564 | Bailey   | Entered a bailey
  5662 | Bailey   | Reached XP level 10. HP: 65/73 MP: 0/0
  5670 | Bailey   | Noticed a kobold demonologist
  5674 | Bailey   | Noticed a rust devil
  5687 | Bailey   | Killed a kobold demonologist
  6035 | Bailey   | Noticed a kobold demonologist
  6045 | Bailey   | Killed a kobold demonologist
  6212 | Bailey   | Found an iron altar of Okawaru.
  6755 | Bailey   | Acquired 662 gold pieces
  8025 | D:7      | Noticed Menkaure
  8031 | D:7      | Killed Menkaure
  8153 | D:8      | Noticed a two-headed ogre
  8165 | D:8      | Killed a two-headed ogre
  8166 | D:8      | Reached XP level 11. HP: 31/81 MP: 0/0
  8166 | D:8      | Learned a level 5 spell: Alistair's Intoxication
  8678 | D:8      | Noticed Jeremiah
  8684 | D:8      | Killed Jeremiah
  9300 | D:8      | Reached skill level 10 in Spellcasting
  9300 | D:8      | Reached skill level 10 in Conjurations
  9300 | D:8      | Reached skill level 10 in Hexes
  9300 | D:8      | Reached skill level 10 in Summonings
  9300 | D:8      | Reached skill level 10 in Necromancy
  9300 | D:8      | Reached skill level 10 in Translocations
  9300 | D:8      | Reached skill level 10 in Fire Magic
  9300 | D:8      | Reached skill level 10 in Ice Magic
  9300 | D:8      | Reached skill level 10 in Air Magic
  9300 | D:8      | Reached skill level 10 in Earth Magic
  9300 | D:8      | Reached skill level 10 in Alchemy
  9354 | D:8      | Found a hide-covered altar of Uskayaw.
  9635 | D:9      | Noticed a two-headed ogre
  9643 | D:9      | Killed a two-headed ogre
  9917 | D:9      | Noticed a death yak
  9919 | D:9      | Noticed a death yak
  9919 | D:9      | Noticed a death yak
  9932 | D:9      | Killed a death yak
  9970 | D:9      | Killed a death yak
 10144 | D:9      | Found a staircase to the Lair.
 10159 | D:9      | Killed a death yak
 10447 | D:9      | Found a burning altar of Makhleb.
 10497 | D:9      | Became a worshipper of Makhleb the Destroyer
 11043 | D:10     | Entered Level 10 of the Dungeon
 11288 | D:10     | Reached skill level 10 in Dodging
 11292 | D:10     | Noticed Sonja
 11545 | D:10     | Found a staircase to the Orcish Mines.
 11570 | D:10     | Reached XP level 12. HP: 76/90 MP: 0/0
 11659 | D:10     | Found a hazy altar of Hepliaklqana.
 11660 | D:10     | Found a shimmering altar of Xom.
 11727 | D:10     | Killed Sonja
 11831 | D:10     | Found an opulent altar of Gozag.
 11888 | D:10     | Found a sacrificial altar of Ru.
 12036 | D:11     | Found Luridie's Jewellery Shoppe.
 12040 | D:11     | Noticed a two-headed ogre
 12058 | D:11     | Killed a two-headed ogre
 12059 | D:11     | Reached skill level 10 in Fighting
 12370 | D:11     | Noticed a boulder beetle
 12409 | D:11     | Killed a boulder beetle
 12491 | D:11     | Found a portal to a secret trove of treasure.
 12497 | D:11     | Found a gate leading to a gauntlet.
 12505 | Gauntlet | Entered a Gauntlet
 12505 | Gauntlet | Found a transporter.
 12516 | Gauntlet | Found a transporter.
 12518 | Gauntlet | Found a transporter.
 12529 | Gauntlet | Found a transporter.
 12532 | Gauntlet | Found a transporter.
 12534 | Gauntlet | Noticed a sun demon
 12543 | Gauntlet | Found a transporter.
 12558 | Gauntlet | Noticed a sixfirhy
 12558 | Gauntlet | Noticed a sixfirhy
 12558 | Gauntlet | Noticed a sixfirhy
 12561 | Gauntlet | Found a transporter.
 12564 | Gauntlet | Noticed a sixfirhy
 12568 | Gauntlet | Found a runed translucent door.
 12572 | Gauntlet | Found a transporter.
 12585 | Gauntlet | Noticed a great orb of eyes
 12586 | Gauntlet | Found a transporter.
 12589 | Gauntlet | Found a transporter.
 12599 | Gauntlet | Found a transporter.
 12599 | Gauntlet | Noticed a death yak
 12609 | Gauntlet | Noticed a death yak
 12696 | Gauntlet | Engulfed by an ice statue's freezing vapour

Illustrated notes

Levels and vault maps discovered:
D:1:      scummos_arrival_simple_fountains, layout_rooms
D:2:      layout_rooms, nicolae_concentric_dashed_squares_wild, uniq_natasha
D:3:      layout_basic, lemuel_coloured_pillars_altar, old_standard_altar,
          shapermc_ecumenical_altar_mp_ritualfount, pf_guarded_unrand_delatra
D:4:      layout_basic, lemuel_tele_altar
D:5:      layout_loops_corners, uniq_crazy_yiuf_cottage, uniq_sigmund
D:6:      layout_rooms, minmay_temple_entry_tees, serial_shops, shop,
          small_statue_intersection, minmay_increasing_density
D:7:      layout_basic, nicolae_yredelemnul_ghost_church, enter_bailey_5,
          serial_bayou, serial_bayou_lake_a, serial_bayou_pond_d,
          serial_bayou_shore_b, serial_bayou_shore_b, grunt_ministairs_3,
          uniq_menkaure
D:8:      layout_loops_ring, nicolae_uskayaw_murder_on_the_dancefloor,
          uniq_jeremiah
D:9:      layout_grid_maze, lemuel_round_altar, dpeg_lair_monsters
D:10:     layout_rooms, nicolae_ru_sacrificial_ziggurat,
          nicolae_gozag_cash_rules_everything_around_me,
          regret_index_temple_of_mockery, grunt_ministairs_7, uniq_sonja
D:11:     layout_loops_ring, enter_trove_1, serial_shops, nicolae_diamond_shop,
          nicolae_shop_bloodbath_and_beyond, shop, nicolae_shop_gibbet_a_chance,
          shop, gauntlet_entry_generic
Temple:   chequers_temple_sunken
Gauntlet: minmay_gauntlet_77_tree [minmay_gauntlet_arena_77_tiled_triplets,
          minmay_gauntlet_arena_77_radiant_squares,
          minmay_gauntlet_arena_77_fan, minmay_gauntlet_arena_77_two_lines,
          minmay_gauntlet_arena_77_path, minmay_gauntlet_arena_77_braids,
          minmay_gauntlet_arena_77_double_cross, gauntlet_exit_hidden_loot]

Skill      XL: |  1  2  3  4  5  6  7  8  9 10 11 12 |
---------------+-------------------------------------+-----
Spellcasting   | 4 5 6 7 8 9 10 11 | 11.0
Conjurations   | 4 5 6 7 8 9 10 11 | 11.0
Hexes          | 4 5 6 7 8 9 10 11 | 11.0
Summonings     | 4 5 6 7 8 9 10 11 | 11.0
Necromancy     | 4 5 6 7 8 9 10 11 | 11.0
Translocations | 4 5 6 7 8 9 10 11 | 11.0
Fire Magic     | 4 5 6 7 8 9 10 11 | 11.0
Ice Magic      | 4 5 6 7 8 9 10 11 | 11.0
Air Magic      | 4 5 6 7 8 9 10 11 | 11.0
Earth Magic    | 4 5 6 7 8 9 10 11 | 11.0
Alchemy        | 4 5 6 7 8 9 10 11 | 11.0
Dodging        | 3 4 6 8 10 11 | 11.0
Fighting       | 1 2 3 4 5 6 7 9 10 | 10.3
Stealth        | |  1.5

Action                     |  1- 3 |  4- 6 |  7- 9 | 10-12 || total
---------------------------+-------+-------+-------+-------++-------
  Melee: Unarmed           |     2 |       |       |       ||     2
         Staff             |       |       |       |     3 ||     3
   Cast: Freeze            |    21 |     7 |     9 |    20 ||    57
         Foxfire           |    28 |   138 |   122 |   204 ||   492
         Summon Ice Beast  |       |       |    17 |    27 ||    44
         Call Canine Famil |       |       |     8 |    19 ||    27
         Fulminant Prism   |       |       |     4 |    42 ||    46
         Frozen Ramparts   |       |       |     3 |    13 ||    16
         Ozocubu's Armour  |       |       |     2 |     9 ||    11
         Blink             |       |       |       |     5 ||     5
    Use: Scroll            |       |       |     8 |     2 ||    10
 Armour: Robe              |    11 |    14 |    17 |    46 ||    88
         Steam dragon scal |       |       |       |    33 ||    33
  Dodge: Dodged            |    14 |    10 |    23 |    66 ||   113
